 Dungeon Crawl Stone Soup version 0.25-a0-294-gea9b1ad378 (webtiles) character file.

Game seed: 2701336943441970083, levelgen mode: deterministic

30 mopl the Digger (level 3, 0/31 HPs)
             Began as a Troll Earth Elementalist on Dec 16, 2019.
             Slain by a gnoll (6 damage)
             ... on level 1 of the Dungeon.
             The game lasted 00:01:25 (1004 turns).

mopl the Digger (Troll Earth Elementalist)          Turns: 1004, Time: 00:01:25

Health: 0/31       AC:  6    Str: 16    XL:     3   Next: 5%
Magic:  4/4        EV: 10    Int: 12    God:
Gold:   60         SH:  0    Dex: 10    Spells: 2/5 levels left

rFire    . . .     SeeInvis .     - Unarmed
rCold    . . .     Gourm    +   (no shield)
rNeg     . . .     Faith    .   c - +0 robe
rPois    .         Spirit   .   (helmet restricted)
rElec    .         Reflect  .   (no cloak)
rCorr    +         Harm     .   (gloves unavailable)
MR       .....                  (boots unavailable)
Stlth    +.........             (no amulet)
HPRegen  0.50/turn              i - ring of resist corrosion
MPRegen  0.09/turn              (no ring)

@: no status effects
A: large, unfitting armour, claws 3, fast metabolism 3, gourmand, regeneration
1, shaggy fur 1, tough skin 3
a: no special abilities


You were on level 1 of the Dungeon.
You were very full.

You visited 1 branch of the dungeon, and saw 2 of its levels.

You collected 60 gold pieces.

Inventory:

Missiles
 b - 62 stones (quivered)
Armour
 c - a +0 robe (worn)
Jewellery
 i - a ring of resist corrosion (left claw)
Scrolls
 e - a scroll of identify {unknown}
 g - a scroll of fog {unknown}
 j - a scroll of amnesia {unknown}
Potions
 a - a potion of curing {unknown}
 f - a potion of heal wounds {unknown}
Comestibles
 d - 3 rations
 h - 2 chunks of flesh


   Skills:
 - Level 1.5 Dodging
 - Level 1.0 Stealth
 + Level 1.3 Unarmed Combat
 + Level 1.5 Spellcasting
 + Level 0.9 Transmutations
 + Level 3.1 Earth Magic


You had 2 spell levels left.
You knew the following spells:

 Your Spells              Type           Power        Failure   Level  Hunger
a - Sandblast             Erth           #.....       9%          1    ##.....
p - Passwall              Tmut/Erth      #.......     19%         2    ###....

Your spell library contained the following spells:

 Spells                   Type           Power        Failure   Level  Hunger
 Stone Arrow              Conj/Erth      #.....       41%         3    ####...
 Petrify                  Tmut/Erth      #.......     77%         4    #####..
 Lee's Rapid Deconstruct  Erth           #.........   92%         5    ######.


Dungeon Overview and Level Annotations

Branches:
Dungeon (2/15)

Altars:


Innate Abilities, Weirdness & Mutations

You are too large for most types of armour.
You have claws for hands.
Your metabolism is lightning-fast.
You like to eat raw meat.
Your natural rate of healing is unusually fast.
You are covered in fur. (AC +1)
You have extremely tough skin. (AC +3)


Message History

The goblin shouts!
The gnoll hits you from afar with a +0 halberd!
* * * LOW HITPOINT WARNING * * *
The gnoll barely misses you. The goblin hits you but does no damage.
There is a stone staircase leading up here.
The goblin barely misses you. The gnoll barely misses you.
The gnoll misses you. The gnoll barely misses you.
You climb upwards.
There is a stone staircase leading down here.
Unknown command.
Unknown command.
Unknown command.
Unknown command.
You scratch the gnoll.
The gnoll is almost dead.
The goblin hits you with a +0 dagger.
* * * LOW HITPOINT WARNING * * *
The gnoll hits you.
You die...

###########################
#.........@................
#.######..gg.##############
#.# #.....'.............
#.# #.....###....##...##
#.# #.....# #....##.....
#.# #.....# #....##.....
#.# ####### #....###....
#.# ##.)..###.... #.#
#.........###


You could see a gnoll and a goblin.

Vanquished Creatures
  An adder (D:2)
  8 goblins (D:1)
  A hobgoblin (D:1)
  5 bats (D:1)
  2 frilled lizards (D:1)
  2 kobolds (D:1)
  2 rats
21 creatures vanquished.

Notes
Turn   | Place    | Note
-------+----------+-------------------------------------------
     0 | D:1      | mopl the Troll Earth Elementalist began the quest for the
                  | Orb.
     0 | D:1      | Reached XP level 1. HP: 16/16 MP: 1/1
   302 | D:1      | Reached XP level 2. HP: 19/24 MP: 3/3
   339 | D:1      | Reached skill level 1 in Unarmed Combat
   408 | D:1      | Learned a level 2 spell: Passwall
   747 | D:1      | Reached skill level 3 in Earth Magic
   982 | D:2      | Reached XP level 3. HP: 31/31 MP: 4/4
  1004 | D:1      | Slain by a gnoll

Levels and vault maps discovered:
D:1:      arrival_zaba_pyramid, layout_basic, minmay_misc_feat_chi
D:2:      layout_basic, first_ration, grunt_ministairs_1,
          kennysheep_generic_room_15, uniq_crazy_yiuf_cottage

Skill      XL: |  1  2 |
---------------+-------+-----
Unarmed Combat | 1 |  1.3
Earth Magic    | 3 |  3.1
Dodging        | |  1.5
Stealth        | |  1.0
Spellcasting   | |  1.5
Transmutations | |  0.9

Action                   || total
-------------------------++-------
Melee: Unarmed           ||    71
  Eat: Chunk             ||    14
Armor: Robe              ||    41
Dodge: Dodged            ||    51

Table legend:
 A = Non-vault XP
 B = Vault XP
 C = Vault XP percentage of total XP
 D = Non-vault monster count
 E = Vault monster count
 F = Vault count percentage of total count
                 A         B        C        D         E       F
            +---------+---------+-------+---------+---------+-------
      Total |      44 |       0 |   0.0 |      21 |       0 |   0.0
            +---------+---------+-------+---------+---------+-------
        D:1 |      30 |       0 |   0.0 |      19 |       0 |   0.0
        D:2 |      14 |       0 |   0.0 |       2 |       0 |   0.0
            +---------+---------+-------+---------+---------+-------
